 Dungeon Crawl Stone Soup version 0.31-a0-255-g9c3d1c461a (webtiles) character file.

Game seed: 9662732855411287217

85 qw the Shooter (level 4, -6/26 HPs)
             Began as a Gargoyle Hexslinger on July 12, 2023.
             Mangled by a worm (8 damage)
             ... on level 2 of the Dungeon.
             The game lasted 00:00:40 (1205 turns).

qw the Shooter (Gargoyle Hexslinger)                Turns: 1205, Time: 00:00:41

Health: -6/26      AC:  7    Str: 11    XL:     4   Next: 48%
Magic:  5/5        EV: 12    Int: 14    God:
Gold:   41         SH:  0    Dex: 14    Spells: 4/5 levels left

rFire   . . .        Y - +1 sling
rCold   . . .        (no shield)
rNeg    + . .        c - +0 robe
rPois   inf          (no helmet)
rElec   +            g - +0 cloak
rCorr   .            (no gloves)
SInv    .            l - +0 pair of boots
Will    .....        (no amulet)
Stlth   +            (no ring)
HPRegen 0.24/turn    (no ring)
MPRegen 0.09/turn

%: no passive effects
@: no status effects
A: sickness immunity, AC +3, negative energy resistance 1, electricity
resistance, torment resistance 1, petrification resistance
a: no special abilities


You were on level 2 of the Dungeon.
You visited 1 branch of the dungeon, and saw 2 of its levels.

You collected 41 gold pieces.


Innate Abilities, Weirdness & Mutations

You are immune to sickness and miasma.
Your stone body is resilient. (AC +3)
You are immune to poison.
You resist negative energy. (rN+)
You are resistant to electric shocks. (rElec)
You are resistant to unholy torment.
You are immune to petrification.


   Skills:
 - Level 2.1 Fighting
 + Level 4.2 Ranged Weapons
 - Level 1.5 Dodging
 - Level 1.0 Spellcasting
 - Level 2.6 Hexes


You had 4 spell levels left.
You knew the following spells:

 Your Spells              Type           Power      Damage    Failure   Level
a - Slow                  Hex            32%        N/A       9%          1

Your spell library contained the following spells:

 Spells                   Type           Power      Damage    Failure   Level
 Inner Flame              Hex/Fire       4%         N/A       41%         3
 Portal Projectile        Hex/Tloc       8%         N/A       41%         3
 Cause Fear               Hex            4%         N/A       65%         4

Inventory:

Hand Weapons
 Y - a +1 sling (weapon)
Armour
 c - a +0 robe (worn)
 g - a +0 cloak (worn)
 l - a +0 pair of boots (worn)
Scrolls
 a - a scroll of teleportation {unknown}
Potions
 b - a potion of mutation {unknown}
 d - a potion of magic {unknown}
 e - a potion of degeneration {unknown}
 f - a potion of heal wounds {unknown}
 h - a potion of curing
 i - a potion of enlightenment {unknown}
 k - a potion of brilliance {unknown}

Dungeon Overview and Level Annotations

Branches:
Dungeon (2/15)

Altars:


Message History

The sling bullet barely misses the adder.
The adder barely misses you. The adder misses you.
You shoot a sling bullet. The sling bullet misses the adder.
The adder misses you. The adder bites you but does no damage.
You shoot a sling bullet. The sling bullet hits the adder.
The adder is moderately wounded.
The adder bites you.
You shoot a sling bullet. The sling bullet hits the adder.
The adder is heavily wounded.
The adder barely misses you. The adder bites you but does no damage.
You shoot a sling bullet.
The sling bullet closely misses the adder.
The adder barely misses you.
You shoot a sling bullet. The sling bullet misses the adder.
The adder misses you. The adder bites you.
You shoot a sling bullet.
The sling bullet closely misses the adder.
The adder bites you. The worm misses you.
You shoot a sling bullet.
The sling bullet barely misses the adder.
The adder barely misses you. The adder bites you but does no damage.
The worm bites you.
You shoot a sling bullet. The sling bullet hits the adder.
The adder is severely wounded.
The adder closely misses you. The adder bites you.
You shoot a sling bullet.
The sling bullet closely misses the adder.
The adder bites you. The worm bites you.
You shoot a sling bullet.
The sling bullet barely misses the adder.
The adder closely misses you. The worm bites you! The adder barely misses you.
You shoot a sling bullet. The sling bullet hits the adder.
You kill the adder!
You shoot a sling bullet. The sling bullet hits the worm.
The worm is moderately wounded.
The worm closely misses you.
You shoot a sling bullet.
The sling bullet barely misses the worm.
The worm bites you!
You die...

.......... .............
+........ ...#.........
#......... ...#..........
#........# ..............
#..[.....#
.....##+###....#.........
....... .(..#.........
........ ###...w.......
........ ##....@.......#
#.## ......%..###...#
......##.......### #+#####
#...... #..........
......# +.....
##.......... ......#
#..... #...........
......###..%. #...........
.............###....###...
)....................# ..


You could see a worm.

Vanquished Creatures
  3 adders (D:2)
  A gnoll (D:1)
  An endoplasm (D:1)
  5 giant cockroaches (D:1)
  6 goblins
  4 hobgoblins
  7 jackals
  3 kobolds
  4 ball pythons
  3 bats (D:2)
  4 frilled lizards
  8 rats
49 creatures vanquished.

Notes
Turn   | Place    | Note
-------+----------+-------------------------------------------
     0 | D:1      | qw the Gargoyle Hexslinger began the quest for the Orb.
     0 | D:1      | Reached XP level 1. HP: 12/12 MP: 2/2
     0 | D:1      | 0 ||| qw: Version: 0.3-a-52-g30416fa
     0 | D:1      | 0 ||| qw: Game counter: 6704
     0 | D:1      | 0 ||| qw: Melee chars always use a shield: true
     0 | D:1      | 0 ||| qw: God list: Okawaru
     0 | D:1      | 0 ||| qw: Allow faded altars: false
     0 | D:1      | 0 ||| qw: Do Orc after clearing Dungeon:15 true
     0 | D:1      | 0 ||| qw: Do second Lair branch before Depths: true
     0 | D:1      | 0 ||| qw: Lair rune preference: random
     0 | D:1      | 0 ||| qw: Goals: Normal
     0 | D:1      | 0 ||| PLANNING D:1-11
    68 | D:1      | Reached XP level 2. HP: 16/16 MP: 3/3
   103 | D:1      | Reached skill level 3 in Ranged Weapons
   217 | D:1      | Reached XP level 3. HP: 8/21 MP: 4/4
   237 | D:1      | 237 ||| FLEEEEING.
   261 | D:1      | 261 ||| FLEEEEING.
   262 | D:1      | 262 ||| FLEEEEING.
   263 | D:1      | 263 ||| FLEEEEING.
   264 | D:1      | 264 ||| FLEEEEING.
   668 | D:1      | 668 ||| UPGRADING to +0 cloak.
   673 | D:1      | 673 ||| UPGRADING to +0 pair of boots.
   678 | D:1      | 678 ||| READING scroll labelled XAIBAS XOBRO.
   679 | D:1      | 679 ||| READING scroll labelled GUZEWN AHUXAQ.
   780 | D:1      | 780 ||| READING scroll labelled ATINWU RULL.
   781 | D:1      | 781 ||| READING scroll labelled DOUXUMO MOUJO.
   782 | D:1      | 782 ||| DRINKING 2 fuming inky potions.
   783 | D:1      | 783 ||| DRINKING 4 grey potions.
   784 | D:1      | 784 ||| DROPPING scroll of poison.
   785 | D:1      | 785 ||| DROPPING 3 potions of attraction.
   831 | D:2      | 831 ||| STAIRDANCE
   974 | D:2      | Reached XP level 4. HP: 26/26 MP: 5/5
  1137 | D:2      | Reached skill level 4 in Ranged Weapons
  1202 | D:2      | HP: 1/26 [worm (8)]
  1205 | D:2      | Mangled by a worm

Levels and vault maps discovered:
D:1:      dpeg_arrival_arbitrary_a, layout_rooms, chequers_avenue,
          minmay_hedge_maze, chequers_decorated_corner,
          chequers_serial_rivers_micro_d, minmay_tromino_mix6
D:2:      layout_basic, basic_ecumenical_altar

Skill      XL: |  1  2  3  4 |
---------------+-------------+-----
Ranged Weapons | 3 4 |  4.2
Fighting       | 2 |  2.1
Dodging        | |  1.5
Spellcasting   | |  1.0
Hexes          | |  2.6

Action                     |  1- 3 |  4- 6 || total
---------------------------+-------+-------++-------
   Fire: Sling             |   120 |    46 ||   166
    Use: Scroll            |     4 |       ||     4
         Potion            |     2 |       ||     2
 Armour: Robe              |    26 |    10 ||    36
  Dodge: Dodged            |    38 |    19 ||    57

Table legend:
 A = Non-vault XP
 B = Vault XP
 C = Vault XP percentage of total XP
 D = Non-vault monster count
 E = Vault monster count
 F = Vault count percentage of total count
                 A         B        C        D         E       F
            +---------+---------+-------+---------+---------+-------
      Total |     107 |      15 |  12.3 |      46 |       3 |   6.1
            +---------+---------+-------+---------+---------+-------
        D:1 |      44 |      15 |  25.4 |      26 |       3 |  10.3
        D:2 |      63 |       0 |   0.0 |      20 |       0 |   0.0
            +---------+---------+-------+---------+---------+-------
